 Dungeon Crawl Stone Soup version 0.26-a0-487-gbff1e92059 (webtiles) character file.

Game seed: 3833051278138816732

241009 ANON1729 the Bludgeoner (level 19, 0/201 HPs)
             Began as a Troll Berserker on Aug 2, 2020.
             Was the Champion of Trog.
             Slain by a 27-headed hydra skeleton (6 damage)
             ... on level 4 of the Swamp.
             The game lasted 01:13:15 (28878 turns).

ANON1729 the Bludgeoner (Troll Berserker)          Turns: 28878, Time: 01:13:15

Health: 0/201      AC:  4    Str: 38    XL:     19   Next: 6%
Magic:  0/16       EV: 20    Int:  8    God:    Trog [******]
Gold:   2706       SH: 31    Dex: 12    Spells: 18/18 levels left

rFire    + . .     SeeInvis .   z - +3 demon whip "Iggosum Raps" {venom, Fragile +Fly rN+ Int+4}
rCold    + + .     Faith    .   d - +2 tower shield of the Hurricane {rElec rC++ rN++}
rNeg     + + +     Spirit   +   r - +0 troll leather armour
rPois    +         Reflect  .   O - +2 hat {MR+}
rElec    +         Harm     .   w - +0 cloak of Untruth {*Corrode rPois rF+ Str+4}
rCorr    .                      (gloves unavailable)
MR       ++...                  (boots unavailable)
Stlth    +.........             q - brooch of Shielding {Spirit SH+8}
HPRegen  1.23/turn              a - +4 ring of protection
MPRegen  0.15/turn              Z - +4 ring of evasion

@: about to teleport, corroded, very slow
A: large, unfitting armour, claws 3, agile 1, low mp 1, regeneration 1, shaggy
fur 1, tough skin 3
}: 1/15 runes: serpentine
a: Berserk, Trog's Hand, Brothers in Arms, Renounce Religion, Evoke Flight


You were on level 4 of the Swamp.
You worshipped Trog.
Trog was exalted by your worship.
You visited 4 branches of the dungeon, and saw 29 of its levels.
You visited the Abyss 1 time.
You also visited: Ossuary, Gauntlet and Ice Cave.

You collected 2706 gold pieces.

Inventory:

Hand Weapons
 z - the +3 demon whip "Iggosum Raps" (weapon) {venom, Fragile +Fly rN+ Int+4}
   (You found it in an ice cave)

   It poisons the flesh of those it strikes.
   It affects your intelligence (+4).
   It protects you from negative energy.
   It lets you fly.
   It will be destroyed if unequipped.
 H - a +1 vorpal eveningstar
 L - a +9 antimagic giant spiked club
 M - a +0 spectral quarterstaff
Missiles
 N - 15 silver javelins (quivered)
Armour
 d - the +2 tower shield of the Hurricane (worn) {rElec rC++ rN++}
   (You acquired it on level 3 of the Lair of Beasts)

   It greatly protects you from cold.
   It insulates you from electricity.
   It greatly protects you from negative energy.
 r - a +0 troll leather armour (worn)
 w - the +0 cloak of Untruth (worn) {*Corrode rPois rF+ Str+4}
   (You found it on level 5 of the Dungeon)

   It affects your strength (+4).
   It protects you from fire.
   It protects you from poison.
   It may corrode you when you take damage.
 O - a +2 hat of magic resistance (worn)
Jewellery
 a - a +4 ring of protection (left claw)
 q - the brooch of Shielding (around neck) {Spirit SH+8}
   (You found it in a Gauntlet)

   [amulet of guardian spirit]

   It causes incoming damage to be split between your health and magic.
   It affects your SH (+8).
 u - the ring of Hepliaklqana's Favour {Wiz rElec rC++ Str-2 SInv}
   (You found it in a Gauntlet)

   [ring of wizardry]

   It improves your spell success rate.
   It affects your strength (-2).
   It greatly protects you from cold.
   It insulates you from electricity.
   It lets you see invisible.
 v - an uncursed amulet of the acrobat
 Z - a +4 ring of evasion (right claw)
Wands
 g - a wand of clouds (14)
 C - a wand of digging (10)
 E - a wand of iceblast (47)
 S - a wand of flame (37)
 V - a wand of acid (14)
Scrolls
 e - 9 scrolls of remove curse
 f - a scroll of silence
 h - 8 scrolls of enchant weapon
 i - 20 scrolls of teleportation
 k - 5 scrolls of fear
 m - 5 scrolls of immolation
 n - 2 scrolls of blinking
 p - 4 scrolls of magic mapping
 y - 2 scrolls of enchant armour
 A - 6 scrolls of identify
 B - 5 scrolls of fog
 F - a scroll of summoning
 T - a scroll of holy word
 W - 3 scrolls of vulnerability
Potions
 b - 8 potions of curing
 c - 9 potions of lignification
 l - 4 potions of might
 o - 14 potions of heal wounds
 s - 4 potions of stabbing
 t - a potion of invisibility
 D - 5 potions of cancellation
 G - 3 potions of resistance
 I - 2 potions of berserk rage
 J - a potion of magic
 K - a potion of ambrosia
 P - 3 potions of flight
Miscellaneous
 j - 2 boxes of beasts
 x - a lightning rod (4/4)
 R - a phantom mirror
 U - a phial of floods


   Skills:
 + Level 15.4 Fighting
 + Level 16.0 Maces & Flails
 + Level 6.9 Armour
 - Level 14.0 Dodging
 + Level 11.6 Shields


You had 18 spell levels left.
You didn't know any spells.
Your spell library was empty.

Dungeon Overview and Level Annotations

Branches:
Dungeon (15/15) Temple (0/1) D:4 Lair (6/6) D:10 Swamp (4/4) Lair:4 Snake (4/4) Lair:2 Slime (0/5) Lair:6 Orc (0/2) D:11 Vaults (0/5) D:12 D:13 Depths (0/5) D:15 Ossuary (visited) IceCv (visited) Gauntlet (visited)

Altars:
Cheibriados
Dithmenos
Gozag
Okawaru
Ru
Uskayaw
Vehumet
Xom
Beogh
Jiyva

Shops:
D:4 (   Snake:4 }=}

Annotations:
D:5 2 runed translucent doors


Innate Abilities, Weirdness & Mutations

You are too large for most types of armour.
You have claws for hands.
Your natural rate of healing is unusually fast.
You are covered in fur. (AC +1)
You have extremely tough skin. (AC +3)
You are agile. (Dex +2)
Your magical capacity is low. (-10% MP)


Message History

The 27-headed hydra skeleton misses you.
The 27-headed hydra skeleton bites you but does no damage.
You block the 27-headed hydra skeleton's attack.
The 27-headed hydra skeleton barely misses you.
The 27-headed hydra skeleton bites you.
* * * LOW HITPOINT WARNING * * *
The 27-headed hydra skeleton bites you.
* * * LOW HITPOINT WARNING * * *
The 27-headed hydra skeleton bites you but does no damage.
The 27-headed hydra skeleton bites you.
* * * LOW HITPOINT WARNING * * *
The 27-headed hydra skeleton bites you!
* * * LOW HITPOINT WARNING * * *
The 27-headed hydra skeleton bites you but does no damage.
The 27-headed hydra skeleton bites you.
* * * LOW HITPOINT WARNING * * *
The 27-headed hydra skeleton bites you!
* * * LOW HITPOINT WARNING * * *
The 27-headed hydra skeleton bites you.
You die...

≈..≈≈♣♣≈.≈≈♣.††.≈..###...##≈.
♣♣♣♣♣♣♣♣≈).♣♣♣....≈§........≈.
♣≈..≈....≈♣...Z.[.≈..≈.
♣≈♣.§.≈.≈.≈..≈≈..≈....≈≈
♣♣♣♣.....≈≈≈Z.≈...≈.....
♣♣...≈...≈..≈≈♣...≈.≈
♣≈..≈♣..≈≈≈..≈.♣≈...≈
♣♣^≈.≈ZZ≈..≈≈.≈.♣...
♣♣♣..@.≈.≈..≈..≈♣♣
♣§≈≈.≈≈♣..≈.≈.♣ ♣...♣♣♣♣♣♣§...
♣...♣ ≈.≈≈ ♣♣≈♣♣ .♣ ♣♣


You could see a spectral five-headed hydra, a five-headed hydra simulacrum, a
death drake skeleton and a 27-headed hydra skeleton.

Vanquished Creatures
  Vashnia (Snake:3)
  Rupert (D:12)
  Jorgrun (D:14)
  Gastronok (D:11)
  2 thorn hunters
  A storm dragon (shapeshifter) (D:15)
  A storm dragon (D:13)
  10 nagarajas
  Louise (D:14)
  2 very ugly things
  A dire elephant (Lair:6)
  A minotaur (Gauntlet)
  Nessos (D:14)
  A death ooze (Gauntlet)
  The ghost of Xotuakut the Geomancer, a journeyman GrEE of Sif Muna (D:13)
  Harold (D:8)
  The ghost of Infinimo the Earth Mage, a journeyman GrEE of Gozag (Lair:3)
  A rakshasa (D:15)
  Josephine (D:14)
  7 naga warriors
  2 shambling mangroves
  Fannar (Lair:2)
  2 centaur warriors (D:13)
  20 hydras
  7 anacondas
  11 alligators
  2 death yaks (Lair:3)
  3 two-headed ogres
  A tengu warrior (D:14)
  10 naga sharpshooters
  4 shock serpents
  Sonja (Lair:2)
  Nergalle (D:10)
  A wretched star (Abyss:2)
  3 sea snakes (Snake:4)
  A spriggan druid (Swamp:3)
  A spectral hydra (Swamp:4)
  A phantasmal warrior (D:13)
  8 naga ritualists
  6 swamp dragons
  3 orc knights
  A wolf spider (Lair:6)
  7 ugly things
  3 oklob plants (Lair:6)
  A faun (shapeshifter) (D:13)
  10 mana vipers
  8 salamanders
  5 manticores
  5 cyclopes
  30 black mambas
  2 guardian serpents
  24 naga magi
  15 elephants
  3 ice statues
  Psyche (D:10)
  A rust devil (Gauntlet)
  Maurice (D:11)
  A torpor snail (Lair:3)
  2 gargoyles
  14 komodo dragons
  10 rime drakes
  A freezing wraith (D:13)
  21 cane toads
  A kobold demonologist (D:13)
  10 ice devils (IceCv)
  2 hydra zombies (Swamp:4)
  A minotaur zombie (Gauntlet)
  4 trolls
  9 polar bears
  5 dream sheep
  12 blink frogs
  12 tyrant leeches
  A death drake skeleton (Swamp:4)
  14 hornets
  29 slime creatures
  16 hippogriffs
  5 bog bodies
  5 redbacks (Lair:6)
  5 spriggans
  A vampire (D:14)
  7 wraiths
  44 yaks
  2 shadows
  A spriggan (shapeshifter) (D:15)
  2 basilisks
  A ynoxinul (Gauntlet)
  12 wyverns
  7 hogs (D:14)
  4 steam dragons (Lair:2)
  15 humans
  26 nagas
  19 vampire mosquitoes
  5 acid dragons
  13 swamp worms
  14 insubstantial wisps
  5 porcupines
  15 orc warriors
  19 water moccasins
  5 ice beasts
  11 swamp drakes
  A black bear (shapeshifter) (D:15)
  4 sky beasts
  2 black bears
  3 eyes of draining
  3 phantoms
  25 wolves
  A boggart (D:15)
  8 ogres
  10 centaurs
  12 crocodiles
  The ghost of Valentain the Chiller, an amateur OpIE of Vehumet (D:4)
  3 big kobolds
  A wyvern zombie (D:6)
  A gnoll sergeant (D:7)
  7 elf zombies (Ossuary)
  16 bullfrogs
  A wyvern skeleton (D:13)
  5 scorpions
  3 killer bees (D:12)
  18 wights
  An electric eel (Lair:6)
  A howler monkey (D:7)
  A bullfrog zombie (D:5)
  5 centaur zombies
  A quasit (D:10)
  7 jellies
  4 centaur skeletons
  3 human zombies (Ossuary)
  14 orc priests
  5 bullfrog skeletons
  3 iron imps (Gauntlet)
  13 orc wizards
  4 hounds
  3 iguanas
  5 hell rats (Lair:5)
  14 worker ants
  3 mummies (Ossuary)
  4 gnolls (D:7)
  2 worker ant zombies
  16 adders
  7 white imps
  10 ufetubi
  An ooze (D:1)
  2 worms
  2 adder skeletons
  The ghost of fly the Sneak, a weakling FoDe (D:4)
  4 dart slugs
  13 leopard geckos
  56 orcs
  9 ball pythons
  6 giant cockroaches
  6 goblins
  7 hobgoblins
  18 jackals
  8 quokkas
  A ball python skeleton (D:4)
  4 bats
  3 frilled lizards
  14 kobolds
  2 leopard gecko zombies
  4 quokka skeletons
  4 rats
  2 withered plants (D:4)
1069 creatures vanquished.

Vanquished Creatures (collateral kills)
  A thorn hunter (Swamp:1)
  2 nagarajas
  A vampire knight (Swamp:4)
  3 naga warriors (Snake:1)
  3 naga sharpshooters (Snake:3)
  2 slime creatures (D:15)
  A salamander mystic (Snake:3)
  A glowing orange brain (shapeshifter) (D:15)
  A swamp dragon (Swamp:1)
  An oklob plant (Lair:6)
  2 salamanders
  A guardian serpent (Snake:2)
  4 naga magi
  A gargoyle (D:11)
  A troll (D:11)
  A tyrant leech (Swamp:1)
  A hornet (Swamp:1)
  A bog body (Swamp:1)
  An insubstantial wisp (Swamp:4)
  3 nagas
  2 boggarts (D:15)
  3 wights (D:11)
  An adder (Snake:4)
38 creatures vanquished.

Vanquished Creatures (others)
  Kirke (D:14)
  A reaper (IceCv)
  A slime creature (Swamp:1)
  A vampire mosquito (Swamp:4)
  A steam dragon (Lair:2)
  2 swamp drakes (Swamp:4)
  2 wolves (Lair:6)
  3 white imps (IceCv)
  2 ufetubi (IceCv)
  A briar patch (Swamp:4)
  20 fungi
  49 plants
  A withered plant (Gauntlet)
85 creatures vanquished.

Grand Total: 1192 creatures vanquished

Notes
Turn   | Place    | Note
-------+----------+-------------------------------------------
     0 | D:1      | ANON1729 the Troll Berserker began the quest for the Orb.
     0 | D:1      | Reached XP level 1. HP: 22/22 MP: 0/0
   192 | D:1      | Reached XP level 2. HP: 29/29 MP: 1/1
   234 | D:1      | Reached skill level 3 in Maces & Flails
   649 | D:1      | Reached XP level 3. HP: 36/36 MP: 2/2
   933 | D:2      | Reached ** piety under Trog
  1106 | D:2      | Reached XP level 4. HP: 44/45 MP: 3/3
  1677 | D:3      | Reached XP level 5. HP: 41/53 MP: 4/4
  2061 | D:4      | Found a staircase to the Ecumenical Temple.
  2085 | D:4      | Reached skill level 4 in Maces & Flails
  2159 | D:4      | Found a runed translucent gate.
  2160 | D:4      | Found a runed translucent gate.
  2162 | D:4      | Found a runed translucent gate.
  2162 | D:4      | Noticed Valentain's ghost (amateur OpIE)
  2162 | D:4      | Noticed fly's ghost (weakling FoDe)
  2164 | D:4      | Reached XP level 6. HP: 62/62 MP: 5/5
  2245 | D:4      | Reached *** piety under Trog
  2421 | D:4      | Found Ciwaklan's Antique Weapon Emporium.
  2812 | D:4      | Killed Valentain's ghost
  2812 | D:4      | Reached XP level 7. HP: 71/71 MP: 6/6
  2817 | D:4      | Killed fly's ghost
  2977 | D:5      | Entered Level 5 of the Dungeon
  3121 | D:5      | Reached skill level 5 in Maces & Flails
  3144 | D:5      | Found a large runed translucent door.
  3146 | D:5      | Found a large runed translucent door.
  3157 | D:5      | Found a large runed translucent door.
  3157 | D:5      | Found a large runed translucent door.
  3392 | D:5      | Found a shadowy altar of Dithmenos.
  3579 | D:5      | Reached skill level 5 in Dodging
  3591 | D:5      | Reached skill level 5 in Fighting
  3591 | D:5      | Reached XP level 8. HP: 47/80 MP: 7/7
  3683 | D:5      | Got an encrusted cloak
  3703 | D:5      | Identified the +0 cloak of Untruth {*Corrode rPois rF+
                  | Str+4} (You found it on level 5 of the Dungeon)
  3781 | D:5      | Found a hide-covered altar of Uskayaw.
  3906 | D:6      | Reached skill level 6 in Maces & Flails
  3954 | D:6      | Reached **** piety under Trog
  4588 | D:6      | Identified the +1 pair of gloves of Wu Jian's Inspiration
                  | {MP+9 Str+3 Int+2 SInv} (You found it on level 6 of the
                  | Dungeon)
  4872 | D:7      | Got a twisted rapier
  4873 | D:7      | Identified the +3 rapier "Killer Klown's Peril" {vorpal,
                  | rPois Str+3} (You found it on level 7 of the Dungeon)
  4889 | D:7      | Found a sand-covered staircase.
  4900 | Ossuary  | Entered an ossuary
  4992 | Ossuary  | Reached XP level 9. HP: 80/89 MP: 8/8
  5060 | Ossuary  | Reached skill level 7 in Maces & Flails
  5167 | D:7      | Found an opulent altar of Gozag.
  5539 | D:7      | Reached ***** piety under Trog
  5540 | D:7      | Cast into level 2 of the Abyss (gnoll sergeant)
  5588 | Abyss:2  | Noticed a wretched star
  5599 | Abyss:2  | Lost intelligence.
  5603 | Abyss:2  | Killed a wretched star
  5645 | Abyss:2  | Reached skill level 8 in Maces & Flails
  5658 | Abyss:2  | Gained mutation: Your magical capacity is extremely low.
                  | (-30% MP) [potion of mutation]
  5658 | Abyss:2  | Gained mutation: You are agile. (Dex +2) [potion of
                  | mutation]
  5682 | Abyss:2  | Noticed a starcursed mass
  5701 | Abyss:2  | Noticed a wretched star
  5703 | D:7      | Escaped the Abyss
  6043 | D:8      | Found a sacrificial altar of Ru.
  6054 | D:8      | Reached XP level 10. HP: 102/102 MP: 6/6
  6217 | D:8      | Noticed Harold
  6231 | D:8      | Killed Harold
  7173 | D:10     | Entered Level 10 of the Dungeon
  7209 | D:10     | Noticed Nergalle
  7227 | D:10     | Killed Nergalle
  7227 | D:10     | Reached skill level 9 in Maces & Flails
  7570 | D:10     | Reached XP level 11. HP: 102/113 MP: 8/8
  7767 | D:10     | Received a gift from Trog
  7945 | D:10     | Noticed Psyche
  7967 | D:10     | Killed Psyche
  8092 | D:10     | Found a staircase to the Lair.
  8355 | D:11     | Reached skill level 10 in Maces & Flails
  8357 | D:11     | Noticed a two-headed ogre
  8364 | D:11     | Killed a two-headed ogre
  8431 | D:11     | Found a staircase to the Orcish Mines.
  8462 | D:11     | Found a frozen archway.
  8471 | D:11     | Noticed Gastronok
  8489 | D:11     | Killed Gastronok
  8551 | IceCv    | Entered an ice cave
  8844 | IceCv    | Killed a reaper
  8914 | IceCv    | Reached skill level 10 in Fighting
  8914 | IceCv    | Reached skill level 10 in Dodging
  8914 | IceCv    | Reached XP level 12. HP: 113/126 MP: 3/9
  9062 | IceCv    | Got a crystal demon whip
  9063 | IceCv    | Identified the +3 demon whip "Iggosum Raps" {venom, Fragile
                  | +Fly rN+ Int+4} (You found it in an ice cave)
  9281 | D:11     | Noticed Maurice
  9291 | D:11     | Killed Maurice
  9317 | D:11     | Reached skill level 11 in Maces & Flails
  9442 | D:11     | Found a roughly hewn altar of Beogh.
 10066 | D:12     | Noticed a two-headed ogre
 10072 | D:12     | Killed a two-headed ogre
 10072 | D:12     | Reached skill level 1 in Shields
 10190 | D:12     | Noticed a six-headed hydra
 10200 | D:12     | Killed a six-headed hydra
 10522 | D:13     | Found a gate to the Vaults.
 10522 | D:13     | Noticed Rupert
 10522 | D:13     | Noticed a centaur warrior
 10534 | D:13     | Killed a centaur warrior
 10648 | D:12     | Killed Rupert
 10697 | D:12     | Reached XP level 13. HP: 136/136 MP: 10/10
 10771 | D:13     | Reached ****** piety under Trog
 10931 | D:13     | Received a gift from Trog
 10963 | D:13     | Reached skill level 12 in Maces & Flails
 11222 | D:13     | Found a runed translucent door.
 11226 | D:13     | Noticed Xotuakut's ghost (journeyman GrEE)
 11227 | D:13     | Noticed a storm dragon
 11458 | D:13     | You fall into a shaft and drop 2 floors!
 11458 | D:15     | Entered Level 15 of the Dungeon
 11861 | D:15     | Noticed a storm dragon
 11950 | D:15     | Killed a storm dragon
 11973 | D:15     | Found a staircase to the Depths.
 12046 | D:15     | Reached skill level 5 in Shields
 12495 | D:15     | Found a snail-covered altar of Cheibriados.
 12809 | D:14     | Received a gift from Trog
 13004 | D:14     | Noticed Kirke
 13020 | D:14     | Reached XP level 14. HP: 148/148 MP: 11/11
 13055 | D:14     | Killed Kirke
 13286 | D:14     | Noticed Louise
 13306 | D:14     | Killed Louise
 13313 | D:14     | Noticed Nessos
 13327 | D:14     | Killed Nessos
 13553 | D:14     | Noticed Josephine
 13553 | D:14     | Noticed Jorgrun
 13572 | D:14     | Killed Jorgrun
 13576 | D:14     | Killed Josephine
 13605 | D:14     | Reached skill level 13 in Maces & Flails
 13879 | D:13     | Found a large runed translucent door.
 13896 | D:13     | Found a large runed translucent door.
 13915 | D:13     | Noticed a storm dragon
 14190 | D:13     | Received a gift from Trog
 14203 | D:13     | Found a shimmering altar of Xom.
 14210 | D:13     | Found an iron altar of Okawaru.
 14274 | D:13     | Killed a storm dragon
 14287 | D:13     | Killed Xotuakut's ghost
 14488 | Lair:1   | Entered Level 1 of the Lair of Beasts
 15527 | Lair:2   | Found a staircase to the Snake Pit.
 15542 | Lair:2   | Noticed Sonja
 15571 | Lair:2   | Killed Sonja
 15645 | Lair:2   | Noticed Fannar
 15663 | Lair:2   | Killed Fannar
 16115 | Lair:2   | Received a gift from Trog
 16168 | Lair:2   | Reached XP level 15. HP: 158/158 MP: 12/12
 16552 | Lair:3   | Identified a scroll of acquirement
 16552 | Lair:3   | Acquired the +2 tower shield of the Hurricane {rElec rC++
                  | rN++}
 16978 | Lair:3   | Found a gate leading to a gauntlet.
 16988 | Gauntlet | Entered a Gauntlet
 16988 | Gauntlet | Found a transporter.
 16988 | Gauntlet | Found a transporter.
 16989 | Gauntlet | Found a transporter.
 16992 | Gauntlet | Found a transporter.
 17002 | Gauntlet | Found a transporter.
 17069 | Gauntlet | Found a transporter.
 17079 | Gauntlet | Found a transporter.
 17094 | Gauntlet | Found a transporter.
 17106 | Gauntlet | Found a transporter.
 17119 | Gauntlet | Found a transporter.
 17125 | Gauntlet | Found the brooch of Shielding {Spirit SH+8}
 17125 | Gauntlet | Found a transporter.
 17146 | Gauntlet | Found a transporter.
 17286 | Gauntlet | Got a warped copper ring
 17289 | Gauntlet | Identified the ring of Hepliaklqana's Favour {Wiz rElec
                  | rC++ Str-2 SInv} (You found it in a Gauntlet)
 17674 | Lair:3   | Found a runed translucent gate.
 17679 | Lair:3   | Found a runed translucent gate.
 17679 | Lair:3   | Found a runed translucent gate.
 17681 | Lair:3   | Noticed Infinimo's ghost (journeyman GrEE)
 17934 | Lair:3   | Killed Infinimo's ghost
 18152 | Lair:4   | Found a staircase to the Swamp.
 18304 | Lair:4   | Received a gift from Trog
 19005 | Lair:5   | Reached skill level 14 in Maces & Flails
 19419 | Lair:6   | Entered Level 6 of the Lair of Beasts
 20323 | Lair:6   | Received a gift from Trog
 20612 | Lair:6   | Found a viscous altar of Jiyva.
 20612 | Lair:6   | Found a staircase to the Slime Pits.
 20724 | Lair:6   | Reached XP level 16. HP: 155/170 MP: 11/13
 21275 | Snake:1  | Entered Level 1 of the Snake Pit
 21981 | Snake:1  | Reached XP level 17. HP: 180/180 MP: 14/14
 22157 | Snake:2  | Reached skill level 1 in Armour
 22861 | Snake:3  | Noticed Vashnia
 22882 | Snake:3  | Killed Vashnia
 23169 | Snake:3  | Reached skill level 10 in Shields
 23422 | Snake:4  | Entered Level 4 of the Snake Pit
 23618 | Snake:4  | Received a gift from Trog
 23750 | Snake:4  | Reached skill level 15 in Maces & Flails
 24135 | Lair:6   | Identified the +5 flail of Pandemonium {vorpal, +Rage Str-3
                  | SInv Stlth+} (Trog gifted it to you on level 6 of the Lair
                  | of Beasts)
 24202 | Swamp:1  | Entered Level 1 of the Swamp
 24305 | Swamp:1  | Reached XP level 18. HP: 191/191 MP: 15/15
 24412 | Swamp:1  | Found a transporter.
 24520 | Swamp:1  | Found a transporter.
 25055 | Swamp:1  | Got a vibrating lead amulet
 25105 | Swamp:1  | Identified the amulet "Ucaurgh" {*Slow rPois rF+ Regen+
                  | Int+3} (You found it on level 1 of the Swamp)
 25376 | Snake:4  | Found a hide-covered altar of Uskayaw.
 25447 | Snake:4  | Received a gift from Trog
 25486 | Snake:4  | Reached skill level 5 in Armour
 25638 | Snake:4  | Got a serpentine rune of Zot
 26184 | Snake:4  | Reached skill level 15 in Fighting
 26375 | Snake:4  | Found Uwuczegor's Gadget Boutique.
 26376 | Snake:4  | Found Barept's Jewellery Emporium.
 26377 | Snake:4  | Found Wowybrec's Gadget Boutique.
 26645 | Swamp:2  | Received a gift from Trog
 26863 | Swamp:2  | Paralysed by a hornet for 2 turns
 26897 | Swamp:2  | Found a radiant altar of Vehumet.
 28226 | Swamp:4  | Entered Level 4 of the Swamp
 28614 | Swamp:4  | Received a gift from Trog
 28676 | Swamp:4  | Reached XP level 19. HP: 186/201 MP: 14/16
 28684 | Swamp:4  | Reached skill level 16 in Maces & Flails
 28878 | Swamp:4  | HP: 6/201 [27-headed hydra skeleton (7)]
 28878 | Swamp:4  | Slain by a 27-headed hydra skeleton

Illustrated notes

Levels and vault maps discovered:
D:1:      psy_arrival_dodecagon, layout_loops_corners
D:2:      layout_loops_ring
D:3:      layout_basic
D:4:      layout_loops_ring, minmay_temple_entry_statues_pillars,
          gammafunk_ghost_cemetery, serial_shops, nicolae_shop_waterfront
D:5:      layout_cave_pools, lemuel_coloured_pillars_altar,
          nicolae_dithmenos_through_a_glass_darkly,
          minmay_hollow_rounded_squares
D:6:      layout_gridville
D:7:      layout_basic, enter_ossuary_5, grunt_gozag_breadcrumbs
D:8:      layout_basic, basic_altar, uniq_harold
D:9:      layout_long_grid
D:10:     layout_basic, david_lair_shrubbed, uniq_nergalle, uniq_psyche
D:11:     layout_basic, minmay_orc_entry_temple_small,
          portal_ice_cave_entry_pillars_1, uniq_maurice, uniq_gastronok
D:12:     layout_loops_cross
D:13:     layout_basic, david_vaults_3, ebering_ghost_inner_flame,
          jmf_multi_god_temple2, uniq_rupert
D:14:     layout_irregular_city, small_statue_intersection, uniq_nessos,
          uniq_kirke, uniq_josephine, uniq_louise, uniq_jorgrun
D:15:     gammafunk_enter_depths_forms, layout_loops_ring, basic_altar,
          minmay_misc_feat_tower, minmay_unpleasant_kobolds
Lair:1:   layout_loops_ring, minivault_24, serial_bayou_pond_c
Lair:2:   layout_small_grid, guppyfry_snake_entry_island,
          bobbens_dragon_lair_wall, uniq_sonja, uniq_fannar
Lair:3:   layout_cave_pods, gammafunk_ghost_split, gauntlet_entry_generic
Lair:4:   layout_cave_pods, swamp_mist_pool, beast_lair_carwin_10
Lair:5:   layout_roguey, hibernation_bobbens
Lair:6:   hangedman_lair_tendril_chambers, layout_hall_layers,
          dpeg_slime_entry_enclosed_altar, nicolae_quartered_pool_super,
          minmay_shattered_shrine, minmay_lair_oklob_chamber
Swamp:1:  gammafunk_the_bubble [the_bubble_gammafunk_grid], layout_falls_marsh,
          nicolae_swamp_rocky_clearing, swamp_pool2
Swamp:2:  layout_basic_swamp, hangedman_swamp_pad, swamp_pool3,
          nicolae_swamp_godswood, nicolae_swamp_baby_hydras
Swamp:3:  layout_basic_swamp, evilmike_swamp_ruin_house_4
Swamp:4:  byrel_swamp_growth_death_and_undeath, layout_basic_swamp, swamp_pool5,
          infiniplex_staircase_pool
Snake:1:  layout_onion, grunt_megastairs_2
Snake:2:  layout_onion
Snake:3:  cheibrodos_snake_ritualist_ritual, layout_cave_town, uniq_vashnia
Snake:4:  snake_pit, layout_rooms, basic_altar, minmay_snake_pond,
          serial_bayou_shore_a, minmay_shop_grove

Skill      XL: |  1  2  3  4  5  6  7  8  9 10 11 12 13 14 15 16 17 18 19 |
---------------+----------------------------------------------------------+-----
Maces & Flails | 3 4 5 6 8 9 10 11 12 13 14 15 16 | 16.0
Fighting       | 3 4 5 6 7 8 10 11 12 13 14 15 | 15.4
Dodging        | 3 4 5 6 7 8 10 11 12 13 14 | 14.0
Shields        | 3 5 7 9 10 11 | 11.6
Armour         | 3 6 |  6.9

Action                   |  1- 3 |  4- 6 |  7- 9 | 10-12 | 13-15 | 16-18 | 19-21 || total
-------------------------+-------+-------+-------+-------+-------+-------+-------++-------
Melee: Mace              |   129 |   173 |   413 |     8 |       |       |       ||   723
       Rapier            |       |       |   136 |       |       |       |       ||   136
       Morningstar       |       |       |       |   248 |       |       |       ||   248
       Giant spiked club |       |       |       |   185 |       |       |       ||   185
       Demon whip        |       |       |       |   235 |  1905 |  1826 |    80 ||  4046
Throw: Boomerang         |       |       |       |     8 |       |       |       ||     8
       Javelin           |       |       |       |       |       |     1 |       ||     1
Invok: Berserk           |       |     1 |     2 |     8 |     9 |     1 |       ||    21
       Brothers in Arms  |       |       |     1 |     3 |     2 |     9 |     1 ||    16
       Trog's Hand       |       |       |       |       |     3 |     3 |       ||     6
 Abil: Evoke Flight      |       |       |       |       |     1 |       |       ||     1
Evoke: Lightning rod     |       |       |     2 |       |       |       |       ||     2
       Wand              |       |       |       |       |     1 |     1 |       ||     2
       Phial of floods   |       |       |       |       |       |     1 |       ||     1
  Use: Scroll            |       |     5 |     9 |     8 |    12 |    11 |     1 ||    46
       Potion            |       |       |     4 |       |     1 |     2 |       ||     7
 Stab: Sleeping          |     1 |     1 |       |       |       |       |       ||     2
       Confused          |       |       |       |       |       |     1 |       ||     1
Armor: Animal skin       |    38 |    74 |    46 |       |       |       |       ||   158
       Robe              |       |       |   110 |   182 |       |       |       ||   292
       Troll leather arm |       |       |       |    85 |   286 |   131 |    40 ||   542
Dodge: Dodged            |    90 |   136 |   407 |   698 |   827 |   362 |    73 ||  2593
Block: Kite shield       |       |       |       |       |   272 |       |       ||   272
       Tower shield      |       |       |       |       |   913 |  1850 |   129 ||  2892

Table legend: (Time is in decaauts)
 A = Elapsed time spent in this place.
 B = Non-inter-level travel time spent in this place.
 C = Inter-level travel time spent in this place.
 D = Time resting spent in this place.
 E = Time spent auto-exploring this place.
 F = Levels seen in this place.
 G = Mean time per level.
                   A        B        C        D        E       F      G
               +--------+--------+--------+--------+--------+-----+--------+
         Total |  28215 |  26378 |   1837 |   2735 |  16062 |  33 |  855.0 |
       Dungeon |  13735 |  12954 |    781 |   1174 |   8278 |  15 |  915.7 |
          Lair |   6041 |   5434 |    607 |    486 |   3586 |   6 | 1006.8 |
         Swamp |   3256 |   3051 |    205 |    102 |   2099 |   4 |  814.0 |
     Snake Pit |   3497 |   3254 |    243 |    589 |   1691 |   4 |  874.2 |
         Abyss |    211 |    211 |      0 |     25 |    104 |   1 |  211.0 |
       Ossuary |    249 |    249 |      0 |      0 |     53 |   1 |  249.0 |
      Ice Cave |    680 |    680 |      0 |    251 |     91 |   1 |  680.0 |
      Gauntlet |    544 |    544 |      0 |    107 |    158 |   1 |  544.0 |
               +--------+--------+--------+--------+--------+-----+--------+

Top non-repeatable levels by time:
  Lair:6: 1593 daAuts
    D:15: 1245 daAuts
    D:10: 1236 daAuts
 Snake:4: 1208 daAuts
    D:13: 1132 daAuts
 Swamp:1: 1029 daAuts
     D:7: 1018 daAuts
  Lair:2: 996 daAuts
  Lair:3: 986 daAuts
     D:6: 984 daAuts
  Lair:1: 970 daAuts
     D:4: 954 daAuts
    D:11: 945 daAuts
     D:8: 937 daAuts
    D:14: 933 daAuts
